 Dungeon Crawl Stone Soup version 0.31.0-11-ge490571c62 (webtiles) character file.

Game seed: 4204878268192633412

2555 Gadfly the Insei (level 9, -3/97 (103) HPs)
             Began as a Merfolk Monk on Jan 29, 2024.
             Was an Initiate of Ru.
             Slain by Jeremiah
             ... wielding a +4 trident of draining
              (4 damage)
             ... on level 6 of the Dungeon.
             The game lasted 00:14:34 (7333 turns).

Gadfly the Insei (Merfolk Monk)                     Turns: 7333, Time: 00:14:37

HP:   -3/97 (103)   AC: 24    Str: 15    XL:     9   Next: 56%
MP:   8/8           EV:  2    Int: 10    God:    Ru [......]
Gold: 260           SH:  0    Dex: 16    Spells: 5/8 levels left

rFire   . .          .
                       - Unarmed
rCold   . . .        c - orb {light}
rNeg    . . .        k - melded +0 leather armour of Fedhas's Pride {rElec rCorr Slay+3}
rPois   +            u - melded +0 helmet
rElec   .            (cloak currently unavailable)
rCorr   .            a - melded +2 pair of gloves
SInv    .            (boots currently unavailable)
Will    .....        p - amulet of the acrobat
Stlth   +            (no ring)
HPRegen 0.36/turn    (no ring)
MPRegen 0.11/turn

%: acrobat
@: tree-form, glowing, drained
A: stationary, stasis, torment immunity, boosted hp, low MP 1, (nimble swimmer
2), (mertail)
a: Renounce Religion


You were on level 6 of the Dungeon.
You worshipped Ru.
Ru was noncommittal.
You were a tree.
You visited 2 branches of the dungeon, and saw 7 of its levels.
You also visited: Sewer and Ossuary.

You collected 260 gold pieces.

Inventory:

Armour
 a - a +2 pair of gloves (melded)
 c - an orb of light (worn)
 i - the +2 robe of the Evening Star {rF+ Will+ Regen+}
   (You found it on level 2 of the Dungeon)

   rF+:       It protects you from fire.
   Will+:     It increases your willpower.
   Regen+:    It increases your rate of health regeneration.
 k - the +0 leather armour of Fedhas's Pride (melded) {rElec rCorr Slay+3}
   (You found it on level 4 of the Dungeon)

   Slay+3:    It affects your accuracy & damage with ranged weapons and melee
   (+3).
   rElec:     It insulates you from electricity.
   rCorr:     It protects you from acid and corrosion.
 u - a +0 helmet (melded)
 x - +0 steam dragon scales
Jewellery
 p - an amulet of the acrobat (around neck)
Wands
 w - a wand of flame (30)
Scrolls
 d - a scroll of enchant weapon
 e - 6 scrolls of teleportation
 l - a scroll of summoning {unknown}
 n - 3 scrolls of silence
 o - a scroll of fear
 q - a scroll of brand weapon
 y - a scroll of identify
Potions
 b - 4 potions of enlightenment
 f - 2 potions of attraction
 g - 2 potions of lignification
 h - a potion of haste
 j - 5 potions of curing
 m - a potion of cancellation
 r - a potion of berserk rage {unknown}
 s - a potion of might {unknown}
 t - 2 potions of mutation {unknown}
 v - a potion of heal wounds {unknown}


   Skills:
 + Level 5.9 Fighting
 + Level 6.9 Dodging
 * Level 7.6 Unarmed Combat
 * Level 6.3 Evocations
 * Level 7.4 Shapeshifting


You had 5 spell levels left.
You knew the following spells:

 Your Spells              Type           Power      Damage    Failure   Level
a - Swiftness             Air            0%         N/A       75%         3

Your spell library contained the following spells:

 Spells                   Type           Power      Damage    Failure   Level
 Call Imp                 Summ           0%         N/A       50%         2
 Cigotuvi's Dreadful Rot  Necr/Alch/Air  0%         N/A       50%         2
 Ensorcelled Hibernation  Hex/Ice        0%         N/A       50%         2
 Sublimation of Blood     Necr           0%         N/A       50%         2
 Passwall                 Erth           0%         N/A       75%         3
 Dispel Undead            Necr           0%         3d6       98%         4
 Martyr's Knell           Necr/Summ      0%         N/A       98%         4
 Death Channel            Necr           0%         N/A       100%        6
 Summon Hydra             Summ           0%         N/A       100%        7


Dungeon Overview and Level Annotations

Branches:
Dungeon (6/15)             Temple (1/1) D:4           Sewer (visited)
Ossuary (visited)

Altars:
Ashenzari
Dithmenos
Elyvilon
Fedhas
Gozag
Hepliaklqana
Kikubaaqudgha
Makhleb
Nemelex Xobeh
Okawaru
Qazlal
Ru
Sif Muna
Trog
Uskayaw
Vehumet
Wu Jian
Xom
Yredelemnul
Zin
The Shining One

Shops:
D:2 =   D:4 *

Annotations:
D:6 Jeremiah


Innate Abilities, Weirdness & Mutations

You are a tree.
Your roots penetrate the ground, keeping you stationary.
You cannot be teleported.
You are immune to unholy pain and torment.
Your maximum health is greatly increased.
Your equipment is partially melded.
Your magical capacity is low. (-10% MP)
((You are very nimble when in or above water. (Stealth+, EV+, Speed+++)))
((Your lower body shifts to a powerful aquatic tail in water.))


Message History

You are too injured to fight recklessly!
You are too injured to fight recklessly!
You are too injured to fight recklessly!
You are too injured to fight recklessly!
You are too injured to fight recklessly!
You are too injured to fight recklessly!
You are too injured to fight recklessly!
Unknown command.
You bump into the rock wall.
Jeremiah zaps a wand.
The bolt of light hits you!
You are more confused.
* * * LOW HITPOINT WARNING * * *
You punch the butterfly!
You kill the butterfly!
The butterfly disappears in a burst of colours!
Jeremiah hits you with a +4 trident of draining.
* * * LOW HITPOINT WARNING * * *
You feel drained.
* * * LOW HITPOINT WARNING * * *
You turn into a tree.
Your +0 helmet melds into your body.
Your +2 pair of gloves melds into your body.
The +0 leather armour of Fedhas's Pride {rElec rCorr Slay+3} melds into your body.
Your roots penetrate the ground.
Jeremiah hits you with a +4 trident of draining.
* * * LOW HITPOINT WARNING * * *
You feel drained.
* * * LOW HITPOINT WARNING * * *
You cannot move. (Use ctrl+direction or * direction to attack while stationary and confused.)
You cannot move. (Use ctrl+direction or * direction to attack while stationary and confused.)
You feel better.
Jeremiah mumbles a slurred invocation.
Something smites you!
* * * LOW HITPOINT WARNING * * *
You barely miss Jeremiah.
Jeremiah is moderately wounded.
The butterfly disappears in a burst of colours!
Jeremiah hits you with a +4 trident of draining!
* * * LOW HITPOINT WARNING * * *
You feel drained.
You die...
Jeremiah asks, "What happened?
Did... did you die?"

########### # #.<.......#
# #.#######.# # #.#
#.####### #########.#
#.......#
..<.[.....############..#
.######b..............#..
...b..b.############.###.
.#####bb♣.......###.## ##
##F#####......## # #b#
#..####.## ## #b# ##.###.
#b# ######.#.# #b#
..........# ...
..#.#####.# .#bb. #.#
#.#.### #.###.#


You could see Jeremiah.

Vanquished Creatures
  Maggie (D:6)
  Grinder (D:6)
  Sigmund (D:5)
  A black bear (D:5)
  An ogre (D:4)
  2 crocodiles (Sewer)
  3 elf zombies (Ossuary)
  4 scorpions
  2 howler monkeys
  4 bombardier beetles
  A centaur zombie (Ossuary)
  A jelly (D:4)
  A gnoll bouda (D:3)
  2 orc priests (D:4)
  A spectral scorpion (Ossuary)
  A hound (D:5)
  6 human zombies (Ossuary)
  An iguana (D:6)
  A sleepcap (D:6)
  Natasha (thrice) (D:4)
  A sickly merfolk siren (Sewer)
  A malarious merfolk avatar (Sewer)
  An orc wizard (D:3)
  The ghost of Bravepunisher the Ducker, a weakling SpMo (D:4)
  3 mummies (Ossuary)
  4 gnolls (D:3)
  11 adders
  2 river rats (Sewer)
  A white imp (D:5)
  5 dart slugs
  2 ribbon worms (D:2)
  9 orcs
  8 ball pythons
  4 endoplasms
  4 giant cockroaches
  8 goblins
  7 hobgoblins
  4 jackals (D:1)
  6 kobolds
  10 quokkas
  4 bats (D:1)
  8 frilled lizards
  20 rats
162 creatures vanquished.

Notes
Turn   | Place    | Note
-------+----------+-------------------------------------------
     0 | D:1      | Gadfly the Merfolk Monk began the quest for the Orb.
     0 | D:1      | Reached XP level 1. HP: 18/18 MP: 1/1
    60 | D:1      | Reached XP level 2. HP: 22/24 MP: 2/2
   187 | D:1      | Reached skill level 1 in Shapeshifting
   346 | D:1      | Reached skill level 1 in Evocations
   808 | D:1      | Reached XP level 3. HP: 29/29 MP: 3/3
  1478 | D:2      | Identified the +2 robe of the Evening Star {rF+ Will+
                  | Regen+}
  1781 | D:2      | Reached XP level 4. HP: 33/35 MP: 4/4
  1826 | D:2      | Found Cujoj's Jewellery Emporium.
  2049 | D:3      | Found a faded altar of an unknown god.
  2280 | D:3      | Found a glowing drain.
  2301 | Sewer    | Entered a sewer
  2421 | Sewer    | Reached XP level 5. HP: 42/42 MP: 5/5
  2481 | Sewer    | Noticed a crocodile
  2541 | Sewer    | Killed a crocodile
  2542 | Sewer    | Reached XP level 6. HP: 25/48 MP: 6/6
  3076 | D:3      | Learned a level 3 spell: Swiftness
  3428 | D:3      | Reached skill level 5 in Dodging
  3462 | D:3      | Reached skill level 5 in Unarmed Combat
  3462 | D:3      | Reached XP level 7. HP: 30/54 MP: 7/7
  3846 | D:4      | Found a staircase to the Ecumenical Temple.
  3863 | D:4      | Identified the +0 leather armour of Fedhas's Pride {rElec
                  | rCorr Slay+3}
  3907 | Temple   | Entered the Ecumenical Temple
  3931 | Temple   | Became a worshipper of Ru the Awakened
  4196 | D:4      | Found a runed translucent door.
  4196 | D:4      | Noticed Bravepunisher's ghost (weakling SpMo)
  4271 | D:4      | Found a sand-covered staircase.
  4277 | Ossuary  | Entered an ossuary
  4398 | Ossuary  | Reached XP level 8. HP: 61/61 MP: 8/8
  4409 | Ossuary  | Reached skill level 5 in Shapeshifting
  4504 | Ossuary  | Reached skill level 5 in Fighting
  4748 | D:4      | Found Bitriogg's General Store.
  5054 | D:4      | Reached skill level 5 in Evocations
  5120 | D:4      | Found a shimmering altar of Xom.
  5127 | D:4      | Found an iron altar of Okawaru.
  5127 | D:4      | Found a burning altar of Makhleb.
  5129 | D:4      | Found a glowing golden altar of the Shining One.
  5129 | D:4      | Found a radiant altar of Vehumet.
  5129 | D:4      | Found a shimmering altar of Xom.
  5129 | D:4      | Noticed Natasha
  5137 | D:4      | Killed Natasha
  5373 | D:4      | Killed Bravepunisher's ghost
  5656 | D:4      | Noticed Natasha
  5661 | D:4      | Killed Natasha
  6157 | D:4      | Noticed Natasha
  6166 | D:4      | Killed Natasha
  6208 | D:5      | Entered Level 5 of the Dungeon
  6440 | D:5      | Reached XP level 9. HP: 68/68 MP: 9/9
  6516 | D:5      | Found a white marble altar of Elyvilon.
  6522 | D:5      | Found a basalt altar of Yredelemnul.
  6524 | D:5      | Found a glowing golden altar of the Shining One.
  6530 | D:5      | Found a burning altar of Makhleb.
  6536 | D:5      | Found a shimmering blue altar of Sif Muna.
  6606 | D:5      | Noticed Sigmund
  6627 | D:5      | Killed Sigmund
  6930 | D:6      | Noticed Grinder
  6937 | D:6      | Paralysed by Grinder for 3 turns
  6957 | D:6      | Killed Grinder
  7073 | D:6      | Noticed Maggie
  7110 | D:6      | Killed Maggie
  7253 | D:6      | Gained mutation: Your magical capacity is low. (-10% MP)
                  | [Ru sacrifice]
  7306 | D:6      | Noticed Jeremiah
  7333 | D:6      | HP: 1/99 [Jeremiah/+4 trident of draining (9)]
  7333 | D:6      | Slain by Jeremiah

Illustrated notes

Levels and vault maps discovered:
D:1:      minmay_arrival_four_loops, layout_basic
D:2:      layout_loops_corners, serial_shops, nicolae_shop_gaudy_bauble,
          nicolae_elevator_lobby_plus
D:3:      layout_basic, gup_sewer_entry_pipe, ebering_ecumenical_altar_mist,
          minmay_misc_feat_diagonals
D:4:      layout_gridville, doesnt_xom_only_xom,
          minmay_temple_entry_purple_smoke, hellmonk_ghost_happy_afterlife,
          enter_ossuary_2, serial_shops, shop, corexii_shack, uniq_natasha
D:5:      layout_loops_cross, nicolae_overflow_hallway_of_the_gods,
          minmay_hedge_maze, uniq_sigmund
D:6:      layout_loops_ring, serial_bayou_lake_a, uniq_jeremiah, uniq_maggie,
          uniq_grinder
Temple:   regret_index_temple_generic_petals

Skill      XL: |  1  2  3  4  5  6  7  8  9 |
---------------+----------------------------+-----
Shapeshifting  | 1 2 3 4 6 7 |  7.4
Evocations     | 1 2 3 4 5 6 |  6.3
Unarmed Combat | 4 5 6 7 |  7.6
Fighting       | 4 5 |  5.9
Dodging        | 5 6 |  6.9

Action                     |  1- 3 |  4- 6 |  7- 9 || total
---------------------------+-------+-------+-------++-------
  Melee: Unarmed           |   113 |   272 |   481 ||   866
         Tailslap          |       |    17 |       ||    17
 Invoke: Reject Sacrifices |       |       |     1 ||     1
         Sacrifice Essence |       |       |     1 ||     1
    Use: Scroll            |     6 |     1 |     7 ||    14
         Potion            |       |     2 |     3 ||     5
 Armour: Robe              |    42 |   107 |   208 ||   357
         Leather armour    |       |       |     5 ||     5
         Skin              |       |       |     2 ||     2
  Dodge: Dodged            |    62 |   217 |   254 ||   533
